 Dungeon Crawl Stone Soup version 0.18-a0-801-gb01a236 (webtiles) character file.

232 JokEr the Skirmisher (level 6, -8/44 HPs)
             Began as an Octopode Fighter on Dec 14, 2015.
             Mangled by an ogre
             ... wielding a +0 giant spiked club
              (35 damage)
             ... on level 4 of the Dungeon.
             The game lasted 00:07:23 (4021 turns).

JokEr the Skirmisher (Octopode Fighter)             Turns: 4021, Time: 00:07:23

Health: -8/44      AC:  1    Str: 17    XL:     6   Next: 4%
Magic:  6/6        EV: 10    Int: 11    God:
Gold:   189        SH:  8    Dex: 11    Spells: 0 memorised, 5 levels left

rFire  x . .     SeeInvis .     a - +0 war axe
rCold  + . .     Clarity  .     b - +0 shield
rNeg   . . .     SustAt   .     (helmet restricted)
rPois  .         Gourm    .     (no amulet)
rElec  .         Spirit   .     l - ring of invisibility
rCorr  .         Dismiss  .     e - ring of ice
rMut   .         Stasis   .     (no ring)
MR     .....                    (no ring)
Stlth  +++.......               (no ring)
                                (no ring)
                                (no ring)
                                (no ring)

@: not resistant to hostile enchantments, fairly stealthy
A: almost no armour, amphibious, 8 rings, constrict 8, camouflage 1, gelatinous
body 1
a: Evoke Invisibility


You were on level 4 of the Dungeon.
You were not hungry.

You visited 1 branch of the dungeon, and saw 4 of its levels.

You collected 189 gold pieces.

Inventory:

Hand Weapons
 a - a +0 war axe (weapon)
Armour
 b - a +0 shield (worn)
Jewellery
 e - a ring of ice (right tentacle)
 l - a ring of invisibility (left tentacle)
Scrolls
 g - 2 scrolls of teleportation
 h - a scroll of remove curse
Potions
 c - 2 potions of might
 f - a potion of curing
 n - a potion of poison {unknown}
 o - a potion of lignification {unknown}
Comestibles
 d - 3 bread rations
 i - a meat ration
 j - a beef jerky
 k - 2 royal jellies
 m - 9 fruits


   Skills:
 + Level 4.4 Fighting
 + Level 3.9 Axes
 + Level 3.4 Dodging
 - Level 3.6 Stealth
 - Level 3.0 Shields


You had 5 spell levels left.
You didn't know any spells.

Dungeon Overview and Level Annotations

Branches:
Dungeon (4/15)
 Temple: D:4-7

Altars:
Fedhas
The Shining One


Innate Abilities, Weirdness & Mutations

You cannot wear most types of armour.
You are amphibious.
You can wear up to eight rings at the same time.
You can use your tentacles to constrict eight enemies at once.
Your skin changes colour to match your surroundings (Stealth).
Your rubbery body absorbs attacks (AC +1).


Message History

Your experience leads to an increase in your attributes!
Increase (S)trength, (I)ntelligence, or (D)exterity?
You feel stronger.
A giant gecko skeleton comes into view.
An ogre comes into view. It is wielding a giant spiked club.
The ogre shouts!
You strike the helpless giant gecko skeleton from a blind spot!
You hit the giant gecko skeleton.
You destroy the giant gecko skeleton!
The ogre barely misses you.
You barely miss the ogre. You squeeze the ogre, but do no damage.
The ogre hits you with a giant spiked club!
You barely miss the ogre. You squeeze the ogre.
The ogre is lightly wounded.
The ogre barely misses you.
You closely miss the ogre.
The ogre is lightly wounded.
The ogre hits you with a giant spiked club!!
Ouch! That really hurt!
You die...

### # ..# .#
#.# #.## #.#
##O..# #.#
####@# #.#
#....# #.#
#.##.#
#.###.###..
.######.....#
#.#
........#####
.# .######.#
# #.## #..##


You could see an ogre.

Vanquished Creatures
  A crimson imp (D:4)
  An orc priest (D:3)
  3 gnolls (D:3)
  4 adders
  6 worms
  2 giant geckos
  6 orcs (D:3)
  A giant cockroach (D:4)
  7 goblins
  11 hobgoblins
  6 jackals
  8 kobolds
  A ball python (D:1)
  10 bats
  A giant gecko skeleton (D:4)
  7 giant newts (D:1)
  11 rats
86 creatures vanquished.

Notes
Turn   | Place    | Note
--------------------------------------------------------------
     0 | D:1      | JokEr the Octopode Fighter began the quest for the Orb.
     0 | D:1      | Reached XP level 1. HP: 16/16 MP: 1/1
   190 | D:1      | Reached XP level 2. HP: 21/21 MP: 2/2
   194 | D:1      | Reached skill level 1 in Stealth
   803 | D:1      | Reached XP level 3. HP: 26/26 MP: 3/3
  1738 | D:2      | Reached XP level 4. HP: 19/32 MP: 4/4
  2361 | D:3      | Found a blossoming altar of Fedhas.
  2823 | D:3      | Found a glowing golden altar of the Shining One.
  3079 | D:3      | Reached XP level 5. HP: 35/37 MP: 5/5
  3300 | D:3      | Reached skill level 4 in Fighting
  4009 | D:4      | Reached XP level 6. HP: 42/44 MP: 6/6
  4021 | D:4      | Mangled by an ogre

Vault maps used:
D:1:      arrival_zaba_pyramid, hangedman_decor_points, minmay_misc_feat_alley,
          minivault_24
D:2:      wad_lake_hut
D:3:      old_standard_altar, tso_metal_star
D:4:      minmay_temple_entry_trees, first_bread, guppyfry_early_orc_mine,
          uniq_pikel

Action                   |  1- 3 |  4- 6 || total
-------------------------+-------+-------++-------
Melee: War axe           |    39 |     9 ||    48
       Hand axe          |    37 |   105 ||   142
  Use: Scroll            |     3 |     4 ||     7
       Potion            |       |     2 ||     2
 Stab: Sleeping          |    13 |     8 ||    21
       Distracted        |       |     1 ||     1
  Eat: Chunk             |     2 |     8 ||    10
